 Dungeon Crawl Stone Soup version 0.28-a0-1213-g0243856f03 (webtiles) character file.

Game seed: 10816293039195661173

5821 mcbry74 the Cleaver (level 10, -20/74 HPs)
             Began as a Hill Orc Gladiator on Dec 21, 2021.
             Was an Elder of Fedhas.
             Killed by an exploding ballistomycete spore (25 damage)
             ... set off by their pet
             ... on level 1 of the Lair of Beasts.
             The game lasted 00:44:51 (11902 turns).

mcbry74 the Cleaver (Hill Orc Gladiator)           Turns: 11902, Time: 00:44:52

Health: -20/74     AC: 15    Str: 22    XL:     10   Next: 80%
Magic:  12/15      EV: 11    Int: 11    God:    Fedhas [****..]
Gold:   263        SH:  0    Dex: 18    Spells: 9/9 levels left

rFire   + . .      SeeInvis .   Y - +2 war axe (freeze)
rCold   . . .      Faith    .   (no shield)
rNeg    . . .      Spirit   .   y - +2 chain mail {rF+}
rPois   .          Reflect  +   v - +2 helmet {Int+3}
rElec   .          Harm     .   (no cloak)
rCorr   +          Rampage  .   (no gloves)
Will    .....                   (no boots)
Stlth   ..........              L - amulet of reflection
HPRegen 0.22/turn               g - +6 ring of dexterity
MPRegen 0.14/turn               Z - ring of resist corrosion

@: confused, studying Dodging
A: no striking features
a: Renounce Religion, Wall of Briars, Grow Ballistomycete, Overgrow


You were on level 1 of the Lair of Beasts.
You worshipped Fedhas.
Fedhas was greatly pleased with you.
You visited 2 branches of the dungeon, and saw 10 of its levels.

You collected 503 gold pieces.
You spent 240 gold pieces at shops.

Inventory:

Hand Weapons
 a - a +1 war axe of protection
 c - a +3 vorpal spear
 Y - a +2 war axe of freezing (weapon)
Missiles
 d - 4 throwing nets
 h - 65 sling bullets
 o - 73 bolts
 t - 6 atropa-tipped darts
 B - 116 arrows
 P - 4 poisoned darts (quivered)
Armour
 v - a +2 helmet of intelligence (worn)
 y - a +2 chain mail of fire resistance (worn)
Jewellery
 b - a ring of poison resistance
 g - a +6 ring of dexterity (left hand)
 F - a ring of protection from fire
 G - a ring of protection from cold
 L - an amulet of reflection (around neck)
 R - a ring of flight
 X - a +6 ring of intelligence
 Z - a ring of resist corrosion (right hand)
Wands
 s - a wand of acid (16)
 x - a wand of flame (11)
 M - a wand of charming (7)
 N - a wand of polymorph (8)
 V - a wand of iceblast (4)
Scrolls
 e - a scroll of brand weapon
 D - 5 scrolls of holy word
 I - a scroll of enchant armour
 S - 5 scrolls of teleportation
 U - 2 scrolls of magic mapping
Potions
 f - 2 potions of lignification
 j - 5 potions of curing
 k - 2 potions of might
 l - a potion of cancellation {unknown}
 n - a potion of ambrosia {unknown}
 p - a potion of degeneration {unknown}
 w - 2 potions of brilliance
 z - 2 potions of flight {unknown}
 C - 2 potions of invisibility {unknown}
 Q - a potion of haste {unknown}
 W - 2 potions of heal wounds {unknown}


   Skills:
 - Level 2.4 Fighting
 * Level 11.9(13.7) Axes
 + Level 6.6(9.3) Maces & Flails
 + Level 6.3(9.1) Polearms
 - Level 1.7 Throwing
 + Level 5.2 Armour
 + Level 6.1 Dodging
 + Level 7.6 Invocations
 + Level 4.2 Evocations


You had 9 spell levels left.
You didn't know any spells.
Your spell library contained the following spells:

 Spells                   Type           Power      Damage    Failure   Level
 Freeze                   Ice            0%         1d3       95%         1
 Magic Dart               Conj           0%         1d3       95%         1
 Slow                     Hex            0%         N/A       95%         1
 Searing Ray              Conj           0%         2d4       99%         2
 Static Discharge         Conj/Air       0%         N/A       99%         2
 Confusing Touch          Hex            0%         N/A       100%        3
 Frozen Ramparts          Ice            0%         1d2       100%        3
 Gell's Gravitas          Tloc           0%         N/A       100%        3
 Lesser Beckoning         Tloc           0%         N/A       100%        3
 Teleport Other           Tloc           0%         N/A       100%        3
 Fulminant Prism          Conj/Hex       0%         3d6       100%        4
 Hailstorm                Conj/Ice       0%         3d3       100%        4
 Lightning Bolt           Conj/Air       0%         1d11      100%        5
 Yara's Violent Unravell  Hex/Tmut       0%         3d3       100%        5
 Maxwell's Capacitive Co  Air            0%         ∞         100%        8


Dungeon Overview and Level Annotations

Branches:
Dungeon (9/15)             Temple (0/1) D:5            Lair (1/6) D:8
    Orc: D:9-12

Altars:
Ashenzari
Fedhas
Uskayaw
Xom
The Shining One
Beogh

Shops:
D:9 =


Message History

Your ballistomycete spore explodes!
The seven-headed hydra appears confused.
The explosion of spores engulfs the seven-headed hydra!!
The seven-headed hydra is almost dead.
A ballistomycete spore comes into view.
You barely miss the seven-headed hydra.
The seven-headed hydra is almost dead.
The seven-headed hydra bites you! x2; The seven-headed hydra bites you.
You block the seven-headed hydra's attack.
The seven-headed hydra bites you. The seven-headed hydra bites you!
* * * LOW HITPOINT WARNING * * *
The seven-headed hydra bites you!
* * * LOW HITPOINT WARNING * * *
You lop one of the seven-headed hydra's heads off!
The six-headed hydra grows two more!
You slash the eight-headed hydra!
The eight-headed hydra seems to slow down.
You freeze the eight-headed hydra.
The eight-headed hydra is almost dead.
Your briar patch disappears in a puff of smoke!
You catch the helpless eight-headed hydra completely off-guard!
You hack one of the eight-headed hydra's heads off!
The seven-headed hydra grows two more!
You slash the nine-headed hydra!
The nine-headed hydra seems to slow down.
You freeze the nine-headed hydra.
The nine-headed hydra is almost dead.
You catch the helpless nine-headed hydra completely off-guard!
You chop one of the nine-headed hydra's heads off!
The eight-headed hydra grows two more!
You slash the ten-headed hydra! You freeze the ten-headed hydra.
The ten-headed hydra is almost dead.
Your ballistomycete spore explodes!
Fedhas protects your plant from harm. x2
The ten-headed hydra appears confused.
The explosion of spores engulfs the ten-headed hydra!!
You kill the ten-headed hydra!
Fedhas appreciates your contribution to the ecosystem.
The explosion of spores engulfs you!!
You are confused.
You die...
Fedhas appreciates your contribution to the ecosystem.

*,,,,,,,,****.###,***** #.
***,+,*,** *,..###### #.
**,,*** ####......# #. **,*
#.##.####.### #######' *,*
##.P........###.......
***,*######..PP§..†.+...#P...##
*,,,,#......†P.P....##.P...#.#.
*,,,...####...PP....##...#.##..
*,,,,*,* #..†@.....####.......
*,,,,*** #.........# #P.P#.###
*,,,,* ####.###### ##(......
****** ### ##.##.#. #######


You could see a friendly ballistomycete (summoned).

Vanquished Creatures
  2 hydras (Lair:1)
  A manticore (D:8)
  2 centaur zombies
  A komodo dragon (D:8)
  3 hornets
  A slime creature (D:8)
  A wraith (D:8)
  A steam dragon (D:8)
  3 vampire mosquitoes (D:8)
  An orc warrior (D:8)
  3 water moccasins
  2 sky beasts
  An ogre (D:4)
  2 centaurs
  A kobold brigand (D:6)
  2 bullfrogs
  2 wyvern zombies
  A water moccasin skeleton (D:4)
  The ghost of ma3 the Skirmisher, a weakling HOBr (D:4)
  2 killer bees (D:6)
  2 howler monkeys (D:8)
  4 wights (D:6)
  2 orc priests (D:4)
  3 hounds
  10 jellies
  A centaur skeleton (D:4)
  2 iguanas (D:4)
  6 orc wizards
  Natasha (thrice) (D:3)
  Robin (D:3)
  A howler monkey zombie (D:7)
  7 gnolls (D:4)
  6 adders
  2 white imps (D:6)
  An ufetubus (D:6)
  An adder skeleton (D:4)
  2 worms
  3 dart slugs
  28 orcs
  21 endoplasms
  7 giant cockroaches
  17 goblins
  8 hobgoblins
  6 quokkas
  11 ball pythons
  9 bats
  3 frilled lizards
  11 kobolds
  6 rats
217 creatures vanquished.

Vanquished Creatures (collateral kills)
  3 killer bees (D:6)
  An adder (D:6)
  12 ballistomycete spores
16 creatures vanquished.

Vanquished Creatures (others)
  A jelly (D:6)
  A ballistomycete spore (D:4)
  8 fungi
  63 plants
73 creatures vanquished.

Grand Total: 306 creatures vanquished

Notes
Turn   | Place    | Note
-------+----------+-------------------------------------------
     0 | D:1      | mcbry74 the Hill Orc Gladiator began the quest for the Orb.
     0 | D:1      | Reached XP level 1. HP: 18/18 MP: 1/1
   141 | D:1      | Reached XP level 2. HP: 25/25 MP: 2/2
   450 | D:1      | Reached skill level 1 in Maces & Flails
   450 | D:1      | Reached skill level 1 in Polearms
   752 | D:1      | Reached XP level 3. HP: 26/30 MP: 3/3
   846 | D:1      | Found a faded altar of an unknown god.
   850 | D:1      | Prayed at the altar of an unknown god.
   850 | D:1      | Became a worshipper of Fedhas Madash
   850 | D:1      | Reached * piety under Fedhas
  1070 | D:2      | Reached skill level 5 in Axes
  1325 | D:2      | Reached skill level 1 in Invocations
  1494 | D:2      | Reached ** piety under Fedhas
  1584 | D:2      | Reached XP level 4. HP: 37/37 MP: 4/4
  2743 | D:3      | Reached XP level 5. HP: 19/42 MP: 6/6
  3011 | D:3      | Reached *** piety under Fedhas
  3027 | D:3      | Found a glowing golden altar of the Shining One.
  3035 | D:3      | Noticed Natasha
  3194 | D:3      | Noticed Robin
  3213 | D:3      | Killed Robin
  3214 | D:3      | Reached skill level 6 in Axes
  3425 | D:3      | Killed Natasha
  3464 | D:3      | Noticed Natasha
  3472 | D:3      | Killed Natasha
  3473 | D:3      | Reached XP level 6. HP: 44/50 MP: 7/7
  3525 | D:3      | Noticed Natasha
  3532 | D:3      | Killed Natasha
  3665 | D:4      | Noticed a sky beast
  3674 | D:4      | Killed a sky beast
  3788 | D:4      | Reached skill level 7 in Axes
  3807 | D:4      | Reached XP level 7. HP: 56/56 MP: 9/9
  3814 | D:4      | Found a roughly hewn altar of Beogh.
  4253 | D:4      | Found a transporter.
  4253 | D:4      | Found a transporter.
  4274 | D:4      | Noticed ma3's ghost (weakling HOBr)
  4722 | D:4      | Reached skill level 1 in Armour
  4910 | D:4      | Reached **** piety under Fedhas
  4911 | D:4      | Reached skill level 8 in Axes
  4931 | D:4      | Killed ma3's ghost
  5395 | D:5      | Entered Level 5 of the Dungeon
  5618 | D:5      | Reached XP level 8. HP: 62/62 MP: 11/11
  5749 | D:5      | Found a staircase to the Ecumenical Temple.
  6001 | D:6      | Found a blossoming altar of Fedhas.
  6407 | D:6      | Reached skill level 5 in Invocations
  6509 | D:6      | Reached skill level 9 in Axes
  6512 | D:6      | Reached skill level 1 in Evocations
  7195 | D:6      | Noticed an oklob plant
  7209 | D:6      | Reached XP level 9. HP: 47/68 MP: 11/13
  7232 | D:6      | Reached skill level 5 in Maces & Flails
  7554 | D:7      | Reached skill level 5 in Polearms
  7913 | D:7      | Reached skill level 10 in Axes
  8283 | D:8      | Noticed a hornet
  8290 | D:8      | Killed a hornet
  9179 | D:8      | Found a shimmering altar of Xom.
  9191 | D:8      | Found a hide-covered altar of Uskayaw.
  9274 | D:8      | Reached ***** piety under Fedhas
  9275 | D:8      | Reached skill level 5 in Dodging
  9589 | D:8      | Reached XP level 10. HP: 74/74 MP: 13/15
  9754 | D:8      | Noticed a manticore
  9765 | D:8      | Killed a manticore
  9766 | D:8      | Reached skill level 11 in Axes
  9882 | D:8      | Found a staircase to the Lair.
 10641 | D:9      | Found a broken altar of Ashenzari.
 10700 | D:9      | Found Waegh's Jewellery Emporium.
 10736 | D:8      | HP: 1/111 [vampire mosquito (5)]
 11275 | D:9      | Bought a ring of poison resistance for 240 gold pieces
 11448 | Lair:1   | Entered Level 1 of the Lair of Beasts
 11753 | Lair:1   | Reached skill level 5 in Armour
 11865 | Lair:1   | Noticed a five-headed hydra
 11882 | Lair:1   | Killed a five-headed hydra
 11888 | Lair:1   | Noticed a seven-headed hydra
 11902 | Lair:1   | Killed a ten-headed hydra
 11902 | Lair:1   | Killed by an exploding ballistomycete spore... set off by
                  | their pet

Illustrated notes

Levels and vault maps discovered:
D:1:      dpeg_arrival_simpleton_a, layout_rooms, ebering_ecumenical_altar_box
D:2:      wad_river_or_something, layout_basic
D:3:      layout_rooms, tso_metal_star, uniq_robin, uniq_natasha
D:4:      layout_basic, gammafunk_ghost_gnarly_gnolls, st_stairs_2,
          kennysheep_orc_chapel
D:5:      layout_gridville, minmay_temple_entry_crystal_x
D:6:      lemuel_slime, layout_basic, fedhas_altar_2, lexackson_kobold_supper
D:7:      layout_basic, minmay_holes, hangedman_decor_points, st_stairs_7
D:8:      minmay_the_grid_four_pointed_star
          [minmay_the_grid_triangle_9x9_wacky_v,
          minmay_the_grid_triangle_9x9_longest,
          minmay_the_grid_triangle_9x9_corruption,
          minmay_the_grid_triangle_9x9_windchime,
          minmay_the_grid_prize_diamond_cup], layout_cave_pods,
          mainiacjoe_overflow_24_doors, lemuel_tele_altar, david_lair_shrubbed,
          kennysheep_generic_room_5
D:9:      layout_gridville, mainiacjoe_overflow_brackets, serial_shops, shop
Lair:1:   layout_roguey, basic_altar

Skill      XL: |  1  2  3  4  5  6  7  8  9 10 |
---------------+-------------------------------+-----
Maces & Flails | 1 2 3 4 5 6 |  6.6
Polearms       | 1 2 3 4 5 6 |  6.3
Axes           | 5 6 7 8 9 10 11 | 11.9
Invocations    | 1 2 3 4 5 6 7 |  7.6
Armour         | 1 2 4 5 |  5.2
Dodging        | 3 5 6 |  6.1
Evocations     | 1 3 4 |  4.2
Fighting       | |  2.4
Throwing       | |  1.7

Action                   |  1- 3 |  4- 6 |  7- 9 | 10-12 || total
-------------------------+-------+-------+-------+-------++-------
Melee: War axe           |   108 |   131 |   328 |    81 ||   648
       Spear             |       |       |       |    11 ||    11
 Fire: Hand crossbow     |       |       |     5 |       ||     5
Throw: Throwing net      |       |     3 |       |       ||     3
       Dart              |       |       |     9 |     8 ||    17
Invok: Grow Ballistomyce |       |       |     1 |     1 ||     2
       Overgrow          |       |       |     1 |       ||     1
       Wall of Briars    |       |       |     1 |     1 ||     2
Evoke: Wand              |       |       |     9 |     7 ||    16
  Use: Scroll            |       |       |    11 |     6 ||    17
       Potion            |       |       |       |     1 ||     1
 Stab: Sleeping          |     2 |     1 |       |       ||     3
       Held in net/web   |       |     1 |       |       ||     1
       Confused          |       |       |       |     2 ||     2
Armor: Leather armour    |    30 |    37 |       |       ||    67
       Chain mail        |       |       |   167 |    39 ||   206
       Skin              |       |       |       |     4 ||     4
Dodge: Dodged            |    91 |    80 |   132 |    54 ||   357
Block: Other             |       |       |    39 |    20 ||    59
       Reflection        |       |       |     1 |       ||     1

Table legend: (Time is in decaauts)
 A = Elapsed time spent in this place.
 B = Non-inter-level travel time spent in this place.
 C = Inter-level travel time spent in this place.
 D = Time resting spent in this place.
 E = Time spent auto-exploring this place.
 F = Levels seen in this place.
 G = Mean time per level.
                   A        B        C        D        E       F      G
               +--------+--------+--------+--------+--------+-----+--------+
         Total |  11959 |  11554 |    405 |   3953 |   5364 |  10 | 1195.9 |
       Dungeon |  11510 |  11106 |    404 |   3625 |   5305 |   9 | 1278.9 |
          Lair |    448 |    448 |      0 |    328 |     59 |   1 |  448.0 |
               +--------+--------+--------+--------+--------+-----+--------+

Top non-repeatable levels by time:
     D:8: 2869 daAuts
     D:4: 1763 daAuts
     D:2: 1665 daAuts
     D:6: 1507 daAuts
     D:3: 1060 daAuts
     D:1: 970 daAuts
     D:7: 818 daAuts
     D:5: 565 daAuts
  Lair:1: 448 daAuts
     D:9: 289 daAuts
